 Dungeon Crawl Stone Soup version 0.30-a0-374-g95c0257040 (webtiles) character file.

Game seed: 1013723429933025700

263 Sabo the Covered (level 5, 0/48 HPs)
             Began as an Armataur Fighter on Nov 26, 2022.
             Succumbed to Robin's poison
             ... on level 4 of the Dungeon.
             The game lasted 00:17:43 (3392 turns).

Sabo the Covered (Armataur Fighter)                 Turns: 3392, Time: 00:17:44

Health: 0/48       AC: 14    Str: 23    XL:     5   Next: 97%
Magic:  5/5        EV:  4    Int: 11    God:
Gold:   248        SH:  5    Dex: 16    Spells: 4/4 levels left

rFire   . . .      SeeInvis .    a - +0 war axe
rCold   . . .      Faith    .    c - +0 buckler
rNeg    . . .      Spirit   .    i - +0 plate armour
rPois   .          Reflect  .    (no helmet)
rElec   .          Harm     .    (no cloak)
rCorr   .          Roll     +    (no gloves)
Will    .....                    (no barding)
Stlth   ..........               (no amulet)
HPRegen 0.28/turn                o - ring "Tepp" {Int+3 Dex+6 Stlth+}
MPRegen 0.09/turn                A - +4 ring of protection

@: lethally poisoned (0 -> 0)
A: large, rugged brown scales 3, deformed body, armoured tail, roll, long
tongue, awkward tongue
a: no special abilities


You were on level 4 of the Dungeon.
You visited 1 branch of the dungeon, and saw 4 of its levels.

You collected 248 gold pieces.

Inventory:

Hand Weapons
 a - a +0 war axe (weapon)
Missiles
 s - 2 boomerangs (quivered)
 u - 6 poisoned darts
 y - 6 atropa-tipped darts
Armour
 c - a +0 buckler (worn)
 i - a +0 plate armour (worn)
Jewellery
 o - the ring "Tepp" (left hand) {Int+3 Dex+6 Stlth+}
   (You took it off a hobgoblin on level 2 of the Dungeon)

   [ring of dexterity]

   Int:       It affects your intelligence (+3).
   Dex:       It affects your dexterity (+6).
   Stlth:     It makes you more stealthy.
 x - a +6 ring of intelligence
 A - a +4 ring of protection (right hand)
Wands
 d - a wand of polymorph (3)
 m - a wand of roots (8)
Scrolls
 b - a scroll of teleportation
 g - 2 scrolls of amnesia
 l - 3 scrolls of enchant armour
 t - a scroll of torment {unknown}
 w - a scroll of enchant weapon {unknown}
 z - a scroll of blinking {unknown}
Potions
 e - 2 potions of haste
 f - 2 potions of cancellation {unknown}
 h - a potion of brilliance {unknown}
 j - 2 potions of berserk rage {unknown}
 k - a potion of heal wounds {unknown}
 n - a potion of magic {unknown}
 p - 2 potions of flight {unknown}
 q - a potion of attraction {unknown}
 r - a potion of lignification {unknown}
 v - a potion of curing {unknown}


   Skills:
 + Level 3.6 Fighting
 + Level 3.9 Axes
 + Level 4.7 Armour
 + Level 0.4 Dodging
 + Level 3.6 Shields


You had 4 spell levels left.
You didn't know any spells.
Your spell library contained the following spells:

 Spells                   Type           Power      Damage    Failure   Level
 Apportation              Tloc           0%         N/A       100%        1
 Alistair's Intoxication  Tmut/Pois      0%         N/A       100%        5


Dungeon Overview and Level Annotations

Branches:
Dungeon (4/15)
 Temple: D:4-7

Altars:


Innate Abilities, Weirdness & Mutations

You are completely covered in rugged brown scales. (AC +3, +7% HP)
Armour fits poorly on your strangely shaped body.
You have a long armoured tail.
You roll when moving toward enemies. (Rampage)
Your long tongue fully drains potion bottles. (2x potion effects)
Your tongue gives you trouble enunciating. (1.5x scroll delay)


Message History

You feel very sick. Robin hits you but does no damage.
You are more poisoned.
You slash Robin!
Robin is almost dead.
You feel very sick. You block Robin's attack.
You hit Robin but do no damage.
Robin is almost dead.
You feel very sick. Robin hits you with a +1 whip of venom.
You are more poisoned.
Robin hits you but does no damage.
You slash Robin!
You kill Robin!
You feel very sick.
You closely miss the hobgoblin.
You feel very sick.
The hobgoblin hits you but does no damage.
You closely miss the hobgoblin.
Your tail-slap misses the hobgoblin.
You feel very sick.
The hobgoblin hits you but does no damage. x2
You closely miss the hobgoblin.
You feel very sick.
The hobgoblin hits you but does no damage.
You barely miss the hobgoblin.
You feel sick. You block the hobgoblin's attack.
You slash the hobgoblin!
You kill the hobgoblin!
You feel sick. The goblin hits you with a +0 club.
* * * LOW HITPOINT WARNING * * *
You barely miss the goblin.
* * * LOW HITPOINT WARNING * * *
You feel sick.
The goblin no longer looks unusually strong.
The goblin hits you but does no damage.
You barely miss the goblin.
* * * LOW HITPOINT WARNING * * *
You feel sick. The goblin barely misses you.
You barely miss the goblin.
You die...

##### #....
..############# #....
#.....g@......######...>
#############...........
########.[.. ##.....
#...... #########.#####
### #......##.# ....
#.........#
.....##......####


You could see a goblin.

Vanquished Creatures
  2 orc priests (D:3)
  2 orc wizards (D:3)
  Jessica (D:3)
  Ijyb (D:4)
  Robin (D:4)
  An adder (D:2)
  2 dart slugs
  7 orcs (D:3)
  3 bats (D:1)
  6 endoplasms
  4 giant cockroaches
  9 goblins
  8 hobgoblins
  4 quokkas
  6 ball pythons
  3 frilled lizards
  4 kobolds
  8 rats
72 creatures vanquished.

Notes
Turn   | Place    | Note
-------+----------+-------------------------------------------
     0 | D:1      | Sabo the Armataur Fighter began the quest for the Orb.
     0 | D:1      | Reached XP level 1. HP: 19/19 MP: 1/1
   198 | D:1      | Reached XP level 2. HP: 26/26 MP: 2/2
   580 | D:1      | Reached skill level 4 in Armour
   707 | D:1      | Reached XP level 3. HP: 32/32 MP: 3/3
  1322 | D:2      | Identified the ring "Tepp" {Int+3 Dex+6 Stlth+}
  1743 | D:3      | Reached XP level 4. HP: 40/40 MP: 4/4
  1799 | D:3      | Reached XP level 5. HP: 8/48 MP: 5/5
  1956 | D:3      | Noticed Jessica
  1958 | D:3      | Killed Jessica
  3259 | D:4      | Noticed Ijyb
  3286 | D:4      | Killed Ijyb
  3361 | D:4      | Noticed Robin
  3384 | D:4      | Killed Robin
  3390 | D:4      | HP: 2/48 [poisoned by Robin]
  3392 | D:4      | Succumbed to Robin's poison

Illustrated notes

Levels and vault maps discovered:
D:1:      dpeg_arrival_radiant, layout_loops_corners, minmay_misc_feat_cross
D:2:      layout_rooms
D:3:      layout_loops_corners, roderic_lattice_a, kennysheep_doodads,
          kennysheep_jessica_study
D:4:      layout_rooms, enter_ossuary_2, nrook_loot_triangle, uniq_ijyb,
          uniq_robin

Skill      XL: |  1  2  3  4 |
---------------+-------------+-----
Armour         | 4 |  4.7
Axes           | 2 3 |  3.9
Fighting       | 3 |  3.6
Dodging        | |  0.4
Shields        | |  3.6

Action                   |  1- 3 |  4- 6 || total
-------------------------+-------+-------++-------
Melee: War axe           |    89 |    86 ||   175
       Tailslap          |     9 |     5 ||    14
       Unarmed           |       |     9 ||     9
  Use: Scroll            |     4 |       ||     4
       Potion            |       |     1 ||     1
Armor: Scale mail        |     8 |       ||     8
       Plate armour      |    52 |    66 ||   118
Dodge: Dodged            |    23 |    16 ||    39
Block: Buckler           |    15 |    11 ||    26

Table legend: (Time is in decaauts)
 A = Elapsed time spent in this place.
 B = Non-inter-level travel time spent in this place.
 C = Inter-level travel time spent in this place.
 D = Time resting spent in this place.
 E = Time spent auto-exploring this place.
 F = Levels seen in this place.
 G = Mean time per level.
                   A        B        C        D        E       F      G
               +--------+--------+--------+--------+--------+-----+--------+
         Total |   3462 |   3462 |      0 |    365 |      0 |   4 |  865.5 |
       Dungeon |   3462 |   3462 |      0 |    365 |      0 |   4 |  865.5 |
               +--------+--------+--------+--------+--------+-----+--------+

Top non-repeatable levels by time:
     D:3: 1643 daAuts
     D:1: 1148 daAuts
     D:2: 524 daAuts
     D:4: 146 daAuts
